 Dungeon Crawl Stone Soup version 0.29.1-1-gd02db6906a (webtiles) character file.

Game seed: 4330355719163106014

123 masschaos23 the Trooper (level 5, -1/47 HPs)
             Began as a Hill Orc Fighter on Sept 25, 2022.
             Slain by Pikel
             ... wielding a +2 whip of flaming
              (7 damage)
             ... on level 4 of the Dungeon.
             The game lasted 00:08:41 (2556 turns).

masschaos23 the Trooper (Hill Orc Fighter)          Turns: 2556, Time: 00:08:41

Health: -1/47      AC:  8    Str: 21    XL:     5   Next: 7%
Magic:  5/5        EV:  9    Int:  8    God:
Gold:   147        SH:  4    Dex: 10    Spells: 4/4 levels left

rFire   + . .      SeeInvis .   a - +0 war axe
rCold   + . .      Faith    .   c - +0 buckler
rNeg    . . .      Spirit   .   b - +0 scale mail
rPois   .          Reflect  .   l - +0 helmet
rElec   .          Harm     .   e - scarf {rC+ rF+}
rCorr   +          Rampage  .   (no gloves)
Will    .....                   (no boots)
Stlth   ..........              (no amulet)
HPRegen 0.15/turn               f - ring of flight
MPRegen 0.09/turn               i - ring of resist corrosion

@: mighty, flying
A: no striking features
a: no special abilities


You were on level 4 of the Dungeon.
You visited 1 branch of the dungeon, and saw 4 of its levels.

You collected 147 gold pieces.

Inventory:

Hand Weapons
 a - a +0 war axe (weapon)
Missiles
 j - 5 boomerangs
 n - 22 stones (quivered)
 p - 5 poisoned darts
Armour
 b - a +0 scale mail (worn)
 c - a +0 buckler (worn)
 e - a scarf of resistance (worn)
 l - a +0 helmet (worn)
Jewellery
 f - a ring of flight (left hand)
 i - a ring of resist corrosion (right hand)
 u - an amulet of guardian spirit
Scrolls
 q - a scroll of teleportation {unknown}
 r - a scroll of identify
 s - a scroll of fog
 t - a scroll of blinking {unknown}
 v - a scroll of torment {unknown}
 w - a scroll of noise
Potions
 g - 4 potions of degeneration
 h - a potion of curing
 k - a potion of brilliance {unknown}
 m - 2 potions of magic {unknown}
 o - a potion of heal wounds {unknown}


   Skills:
 + Level 4.5 Fighting
 + Level 4.0 Axes
 + Level 4.2 Armour
 + Level 4.1 Shields


You had 4 spell levels left.
You didn't know any spells.
Your spell library contained the following spells:

 Spells                   Type           Power      Damage    Failure   Level
 Foxfire                  Conj/Fire      0%         2x1d4     83%         1
 Shock                    Conj/Air       0%         1d3       83%         1
 Conjure Flame            Conj/Fire      0%         6-21      99%         3
 Ignite Poison            Fire/Tmut/Pois 0%         N/A       99%         3
 Inner Flame              Hex/Fire       0%         N/A       99%         3
 Mephitic Cloud           Conj/Pois/Air  0%         N/A       99%         3
 Swiftness                Air            0%         N/A       99%         3
 Airstrike                Air            0%         2d(0-16)  100%        4
 Flame Wave               Conj/Fire      0%         2d4       100%        4
 Freezing Cloud           Conj/Ice/Air   0%         6-21      100%        5


Dungeon Overview and Level Annotations

Branches:
Dungeon (4/15)
 Temple: D:4-7

Altars:

Annotations:
D:4 Pikel


Message History

You barely miss Pikel. Pikel barely misses you.
You feel very mighty all of a sudden. Pikel completely misses you.
Pikel says, "Hell isn't that bad."
Pikel hits you with a +2 whip of flaming.
You closely miss Pikel. Pikel hits you but does no damage.
Pikel hits you with a +2 whip of flaming.
You slash Pikel!
Pikel is lightly wounded.
Pikel hits you with a +2 whip of flaming.
Pikel says, "All the lords of Hell know my name!"
Pikel barely misses you.
You slash Pikel!
Pikel is heavily wounded.
Pikel hits you with a +2 whip of flaming. x2
You closely miss Pikel.
Pikel is heavily wounded.
Pikel closely misses you.
Pikel hits you with a +2 whip of flaming.
Pikel burns you.
You slash Pikel!
Pikel is severely wounded.
Pikel closely misses you. You block Pikel's attack.
You barely miss Pikel.
Pikel is severely wounded.
Pikel hits you with a +2 whip of flaming.
You block Pikel's attack.
You barely miss Pikel.
Pikel is severely wounded.
Pikel hits you with a +2 whip of flaming.
Pikel burns you.
Pikel hits you with a +2 whip of flaming!
* * * LOW HITPOINT WARNING * * *
Pikel burns you.
* * * LOW HITPOINT WARNING * * *
You feel better.
Pikel hits you with a +2 whip of flaming!
* * * LOW HITPOINT WARNING * * *
Pikel hits you with a +2 whip of flaming!
You die...

####
#..
#.#
#@#
#K###
#55.#
###5#
S# ..
5..
..##
.##


You could see Pikel (fast), 3 lemures and an adder.

Vanquished Creatures
  Jessica (D:2)
  6 adders
  5 orcs (D:3)
  A ball python (D:2)
  4 endoplasms
  A giant cockroach (D:2)
  5 goblins
  3 hobgoblins
  6 kobolds
  A quokka (D:2)
  2 bats
  3 frilled lizards
  5 rats
43 creatures vanquished.

Notes
Turn   | Place    | Note
-------+----------+-------------------------------------------
     0 | D:1      | masschaos23 the Hill Orc Fighter began the quest for the
                  | Orb.
     0 | D:1      | Reached XP level 1. HP: 19/19 MP: 1/1
   671 | D:2      | Reached XP level 2. HP: 25/27 MP: 2/2
   726 | D:2      | Reached XP level 3. HP: 26/33 MP: 3/3
   763 | D:2      | Noticed Jessica
   791 | D:2      | Killed Jessica
   792 | D:2      | Reached XP level 4. HP: 9/40 MP: 4/4
  1991 | D:3      | Reached XP level 5. HP: 40/47 MP: 5/5
  2538 | D:3      | You are sucked into a shaft and drop 1 floor!
  2539 | D:4      | Noticed Pikel
  2539 | D:4      | Noticed a lemure
  2539 | D:4      | Noticed a lemure
  2539 | D:4      | Noticed a lemure
  2539 | D:4      | Noticed a lemure
  2556 | D:4      | Slain by Pikel

Illustrated notes

Levels and vault maps discovered:
D:1:      minmay_arrival_glassed_features, layout_basic,
          minmay_misc_feat_nine_boxes
D:2:      cheibrodos_helix_gallery, layout_basic, minmay_misc_feat_rows,
          minmay_misc_feat_roman, uniq_jessica
D:3:      layout_loops_ring
D:4:      layout_loops_ring, abandoned_shop, uniq_pikel, uniq_ijyb,
          uniq_eustachio

Skill      XL: |  1  2  3  4 |
---------------+-------------+-----
Axes           | 3 4 |  4.0
Fighting       | 4 |  4.5
Armour         | 4 |  4.2
Shields        | 4 |  4.1

Action                   |  1- 3 |  4- 6 || total
-------------------------+-------+-------++-------
Melee: War axe           |    66 |   118 ||   184
  Use: Scroll            |     3 |     2 ||     5
       Potion            |     1 |     2 ||     3
Armor: Scale mail        |    37 |    70 ||   107
Dodge: Dodged            |    25 |    56 ||    81
Block: Buckler           |    17 |    23 ||    40
